 Dungeon Crawl Stone Soup version 0.22-a0-284-g99d1f74 (webtiles) character file.

154 Gorglomux the Twirler (level 5, -5/32 HPs)
             Began as a Tengu Wanderer on Mar 22, 2018.
             Slain by Gorglomux's ghost (13 damage)
             ... on level 3 of the Dungeon.
             The game lasted 00:02:55 (2789 turns).

Gorglomux the Twirler (Tengu Wanderer)              Turns: 2789, Time: 00:02:56

Health: -5/32      AC:  6    Str: 16    XL:     5   Next: 36%
Magic:  6/6        EV: 14    Int: 11    God:
Gold:   94         SH:  0    Dex: 12    Spells: 4/4 levels left

rFire    . . .     SeeInvis .   a - +2 quarterstaff
rCold    . . .     Gourm    .   (shield currently unavailable)
rNeg     . . .     Faith    .   O - +0 ring mail
rPois    .         Spirit   .   (helmet restricted)
rElec    .         Reflect  .   (no cloak)
rCorr    .         Harm     .   U - +0 pair of gloves (curse)
MR       .....                  (boots unavailable)
Stlth    +.........             (no amulet)
HPRegen  0.10/turn              (no ring)
MPRegen  0.10/turn              (no ring)

@: flying quickly and evasively (expiring), quick
A: beak, talons 3, able to fly 1
a: no special abilities


You were on level 3 of the Dungeon.
You were very hungry.

You visited 1 branch of the dungeon, and saw 3 of its levels.

You collected 94 gold pieces.

Inventory:

Hand Weapons
 a - a +2 quarterstaff (weapon)
 d - a +0 dagger
Armour
 c - a +0 robe
 N - a cursed +0 plate armour
 O - a +0 ring mail (worn)
 U - a cursed +0 pair of gloves (worn)
Scrolls
 P - a scroll of enchant armour {unknown}
 Q - a scroll of fear {unknown}
 S - a scroll of immolation {unknown}
 T - 3 scrolls of teleportation
 V - 3 scrolls of remove curse {unknown}
 W - 3 scrolls of identify {unknown}
 X - a scroll of blinking {unknown}
Potions
 R - 2 potions of curing {unknown}
 Y - 3 potions of haste {unknown}
 Z - 3 potions of resistance {unknown}
Comestibles
 f - 5 rations


   Skills:
 + Level 2.9 Fighting
 - Level 4.3 Staves
   Level 1.1 Crossbows
 + Level 3.2 Armour
 + Level 2.8 Dodging
 - Level 3.0 Stealth


You had 4 spell levels left.
You didn't know any spells.

Dungeon Overview and Level Annotations

Branches:
Dungeon (3/15)

Altars:
Nemelex Xobeh
Vehumet

Annotations:
D:3 Gorglomux's ghost, amateur CeFi


Innate Abilities, Weirdness & Mutations

You have a beak for a mouth.
You have claws for feet.
You can fly.


Message History

You feel somewhat more hungry!
Gorglomux's ghost turns its malevolent gaze butts you!
Gorglomux's ghost hits you!!!
There is a stone staircase leading up here!
You see here a stone!
You fly upwards!
There is a stone staircase leading down here!
Unknown command!
You start resting!
Magic restored!
You start resting!
You are starting to lose your buoyancy!
You start resting!
You are feeling very hungry!
You fly butts!
Level annotation: Gorglomux's ghost, amateur CeFi Gorglomux's ghost hits butt!!! * * * don't die
* * * Gorglomux's ghost hits you!!! rip

####...........#.........####.##
#.......###...........##.....
#.......# #####..........##..
#.......# ##K............#
#####..## ####..........#####
###.####...g......#..###
######...#...K###...(..#....#
.............W.(..(....#.##.#
#............g@..........##.###
#..........>.(..........(......
......)).(..((....(##...####.##
#...........)..........(### #
.........#...##......##(..##
............###....<..#(#..#
.......#..#....####(#..(.#.##
....#..#..####... #....#....###
..###.....# ###. ###..........


You could see a big kobold, Gorglomux's ghost and a gnoll.

Vanquished Creatures
  A big kobold (D:3)
  An adder (D:2)
  An ooze (D:1)
  A worm (D:2)
  A dart slug (D:1)
  A leopard gecko (D:3)
  2 orcs (D:3)
  3 giant cockroaches
  9 goblins
  6 hobgoblins
  21 kobolds
  A quokka (D:2)
  7 bats
  5 frilled lizards
  9 rats
69 creatures vanquished.

Notes
Turn   | Place    | Note
-------+----------+-------------------------------------------
     0 | D:1      | Gorglomux the Tengu Wanderer began the quest for the Orb.
     0 | D:1      | Gorglomux set off with: a +2 quarterstaff, a +0 robe, a +0 dagger, a ration, 2 scrolls of teleportation
     0 | D:1      | Reached XP level 1. HP: 12/12 MP: 2/2
   316 | D:1      | Reached XP level 2. HP: 15/16 MP: 3/3
   404 | D:1      | Reached skill level 1 in Dodging
   635 | D:1      | Reached XP level 3. HP: 9/21 MP: 4/4
  1072 | D:1      | Found a radiant altar of Vehumet.
  1502 | D:2      | Found a sparkling altar of Nemelex Xobeh.
  1542 | D:2      | Reached XP level 4. HP: 26/26 MP: 5/5
  2009 | D:3      | Noticed Gorglomux's ghost (amateur CeFi)
  2710 | D:3      | Noticed a big kobold
  2714 | D:3      | Noticed a big kobold
  2714 | D:3      | Noticed a big kobold
  2716 | D:3      | Noticed a big kobold
  2730 | D:3      | Killed a big kobold
  2730 | D:3      | Reached skill level 3 in Armour
  2730 | D:3      | Gained mutation: You can fly. [Tengu growth]
  2730 | D:3      | Reached XP level 5. HP: 26/32 MP: 6/6
  2789 | D:3      | Slain by Gorglomux's ghost

Vault maps used:
D:1:      dpeg_arrival_lava_altar, minivault_19
D:2:      first_ration, supply_closet_lemuel, nemelex_diamond_rough_becter
D:3:      minmay_goblin_kobold_castle

Skill      XL: |  1  2  3  4 |
---------------+-------------+-----
Dodging        | 1 2 |  2.8
Armour         | 2 3 |  3.2
Fighting       | 2 |  2.9
Staves         | |  4.3
Crossbows      | |  1.1
Stealth        | |  3.0

Action                   |  1- 3 |  4- 6 || total
-------------------------+-------+-------++-------
Melee: Quarterstaff      |    72 |    54 ||   126
       Kick              |    13 |    12 ||    25
       Peck              |     3 |     8 ||    11
 Abil: Fly               |       |     1 ||     1
 Stab: Sleeping          |    13 |     3 ||    16
  Eat: Chunk             |     2 |     3 ||     5
Armor: Robe              |     6 |     2 ||     8
       Ring mail         |       |    17 ||    17
Dodge: Dodged            |    37 |    57 ||    94

Table legend:
 A = Spawn XP
 B = Non-spawn XP
 C = Spawn XP percentage of total XP
 D = Spawn monster count
 E = Non-spawn monster count
 F = Spawn count percentage of total count
 G = Total turns spent on level
                    A         B        C        D         E        F      G
               +---------+---------+-------+---------+---------+-------+---------
         Total |       0 |     221 |   0.0 |       0 |      69 |   0.0 |  2789
               +---------+---------+-------+---------+---------+-------+---------
           D:1 |       0 |      42 |   0.0 |       0 |      23 |   0.0 |  1094
           D:2 |       0 |      49 |   0.0 |       0 |      22 |   0.0 |  1392
           D:3 |       0 |     130 |   0.0 |       0 |      24 |   0.0 |   303
               +---------+---------+-------+---------+---------+-------+---------
